 Dungeon Crawl Stone Soup version 0.29-a0-397-g846e4a0bbc (webtiles) character file.

Game seed: 16649981322514155242

533 Bruhh the Chopper (level 7, -1/41 HPs)
             Began as a Gargoyle Fighter on May 11, 2022.
             Was a Follower of Zin.
             Slain by a troll (2 damage)
             ... on level 7 of the Dungeon.
             The game lasted 00:04:58 (3922 turns).

Bruhh the Chopper (Gargoyle Fighter)                Turns: 3922, Time: 00:04:58

Health: -1/41      AC: 11    Str: 22    XL:     7   Next: 24%
Magic:  0/7        EV:  9    Int:  8    God:    Zin [*.....]
Gold:   195        SH:  4    Dex:  9    Spells: 6/6 levels left

rFire   . . .      SeeInvis .   a - +0 war axe
rCold   . . .      Faith    .   c - +0 buckler
rNeg    + . .      Spirit   +   b - +0 scale mail
rPois   ∞          Reflect  .   (no helmet)
rElec   +          Harm     .   (no cloak)
rCorr   .          Rampage  .   (no gloves)
Will    .....                   (no boots)
Stlth   ..........              k - amulet of guardian spirit
HPRegen 0.13/turn               (no ring)
MPRegen 0.10/turn               (no ring)

@: no status effects
A: sickness immunity, AC +4, negative energy resistance 1, electricity
resistance, torment resistance 1, petrification resistance
a: Renounce Religion, Recite, Donate Gold


You were on level 7 of the Dungeon.
You worshipped Zin.
Zin was aware of your devotion.
You visited 2 branches of the dungeon, and saw 8 of its levels.

You collected 216 gold pieces.
You donated 21 gold pieces to Zin.

Inventory:

Hand Weapons
 a - a +0 war axe (weapon)
Missiles
 n - 10 poisoned darts (quivered)
 q - 5 atropa-tipped darts
Armour
 b - a +0 scale mail (worn)
 c - a +0 buckler (worn)
 r - the +3 ring mail of the Meadowlark {rPois rF+++ Str-4 Dex-3}
   (You found it on level 4 of the Dungeon)

   Str:       It affects your strength (-4).
   Dex:       It affects your dexterity (-3).
   rF:        It renders you almost immune to fire.
   rPois:     It protects you from poison.
Jewellery
 k - an amulet of guardian spirit (around neck)
 t - a ring of wizardry
Wands
 s - a wand of flame (21)
Scrolls
 d - 2 scrolls of enchant armour {unknown}
 e - 2 scrolls of poison {unknown}
 f - 3 scrolls of teleportation {unknown}
 g - a scroll of fog {unknown}
 l - 2 scrolls of identify {unknown}
 o - a scroll of immolation {unknown}
 u - a scroll of fear {unknown}
Potions
 h - a potion of flight {unknown}
 j - a potion of curing {unknown}
 m - a potion of lignification {unknown}
 p - a potion of invisibility {unknown}


   Skills:
 - Level 3.2 Fighting
 + Level 7.0 Axes
 - Level 3.2 Armour
 - Level 3.2 Shields


You had 6 spell levels left.
You didn't know any spells.
Your spell library contained the following spells:

 Spells                   Type           Power      Damage    Failure   Level
 Beastly Appendage        Tmut           0%         N/A       83%         1
 Sandblast                Erth           0%         2d4       83%         1
 Blink                    Tloc           0%         N/A       92%         2
 Passwall                 Tmut/Erth      0%         N/A       92%         2
 Wereblood                Tmut           0%         N/A       92%         2
 Lesser Beckoning         Tloc           0%         N/A       99%         3
 Spider Form              Tmut/Pois      0%         N/A       99%         3
 Stone Arrow              Conj/Erth      0%         3d7       99%         3
 Manifold Assault         Tloc           0%         N/A       100%        5


Dungeon Overview and Level Annotations

Branches:
Dungeon (8/15)             Temple (1/1) D:4
   Lair: D:8-11

Altars:
Ashenzari
Cheibriados
Dithmenos
Elyvilon
Fedhas
Gozag
Hepliaklqana
Makhleb
Nemelex Xobeh
Okawaru
Qazlal
Ru
Sif Muna
Trog
Uskayaw
Vehumet
Wu Jian
Xom
Yredelemnul
Zin
The Shining One

Shops:
D:1 :


Innate Abilities, Weirdness & Mutations

You are immune to sickness and miasma.
Your stone body is resilient. (AC +4)
You are immune to poison.
You resist negative energy. (rN+)
You are resistant to electric shocks. (rElec)
You are resistant to unholy torment.
You are immune to petrification.


Message History

You climb upwards.
There is a stone staircase leading down here.
You can't go up here!
As you open the door, it creaks loudly!
A troll comes into view.
The troll shouts!
A troll is nearby!
Okay, then.
You completely miss the troll. The troll bites you!
The troll barely misses you. The troll claws you but does no damage.
You slash the troll!
The troll is moderately wounded.
The troll closely misses you. You block the troll's attack.
The troll claws you but does no damage.
You barely miss the troll.
The troll is moderately wounded.
The troll bites you but does no damage. The troll claws you. x2
You closely miss the troll.
The troll is moderately wounded.
The troll completely misses you. The troll barely misses you. x2
The troll bites you! The troll claws you but does no damage.
You block the troll's attack.
You slash the troll!
The troll is heavily wounded.
The troll bites you!
* * * LOW HITPOINT WARNING * * *
The troll claws you but does no damage. x2
You feel much better. The troll bites you! The troll claws you!
The troll claws you.
You feel much better. You block the troll's attack.
The troll claws you but does no damage. The troll claws you.
You barely miss the troll.
The troll is moderately wounded.
The troll barely misses you. The troll claws you! The troll closely misses you.
You closely miss the troll.
The troll is moderately wounded.
The troll bites you!
* * * LOW HITPOINT WARNING * * *
The troll claws you but does no damage. The troll claws you.
You die...

........#
.......#
......# .....#
....# ...
#T####.#
#@.....#
#.####.#
####.#
#....####.#
###.......#
#...######
#..^#####
.#####.......#
.......#.###.#


You could see a troll.

Vanquished Creatures
  Sigmund (D:5)
  A black bear (D:5)
  A necrophage (D:4)
  2 jellies (D:5)
  4 gnolls (D:2)
  7 adders
  2 worms (D:2)
  A dart slug (D:4)
  4 orcs
  3 endoplasms
  4 giant cockroaches
  6 goblins
  4 hobgoblins
  5 kobolds
  4 quokkas
  3 ball pythons
  4 bats
  4 frilled lizards
  3 rats
63 creatures vanquished.

Notes
Turn   | Place    | Note
-------+----------+-------------------------------------------
     0 | D:1      | Bruhh the Gargoyle Fighter began the quest for the Orb.
     0 | D:1      | Reached XP level 1. HP: 14/14 MP: 1/1
    91 | D:1      | Reached skill level 2 in Axes
   427 | D:1      | Reached XP level 2. HP: 14/19 MP: 2/2
   623 | D:1      | Found Ammitur's Book Boutique.
   807 | D:2      | Reached skill level 3 in Axes
   810 | D:2      | Reached XP level 3. HP: 12/23 MP: 3/3
  1122 | D:2      | Reached XP level 4. HP: 19/28 MP: 4/4
  1124 | D:2      | Reached skill level 4 in Axes
  1837 | D:3      | Reached XP level 5. HP: 32/32 MP: 5/5
  2614 | D:4      | Reached skill level 5 in Axes
  2622 | D:4      | Identified the +3 ring mail of the Meadowlark {rPois rF+++
                  | Str-4 Dex-3}
  2925 | D:4      | Found a staircase to the Ecumenical Temple.
  2950 | Temple   | Entered the Ecumenical Temple
  3006 | Temple   | Became a worshipper of Zin the Law-Giver
  3006 | Temple   | Reached * piety under Zin
  3116 | D:4      | Reached XP level 6. HP: 37/37 MP: 6/6
  3419 | D:5      | Entered Level 5 of the Dungeon
  3444 | D:5      | Noticed Sigmund
  3463 | D:5      | Killed Sigmund
  3464 | D:5      | Reached skill level 6 in Axes
  3602 | D:5      | Noticed a black bear
  3607 | D:5      | Killed a black bear
  3608 | D:5      | Reached XP level 7. HP: 41/41 MP: 7/7
  3643 | D:5      | Reached skill level 7 in Axes
  3789 | D:5      | You fall into a shaft and drop 3 floors!
  3913 | D:7      | Noticed a troll
  3922 | D:7      | HP: 1/41 [troll (15)]
  3922 | D:7      | Slain by a troll

Illustrated notes

Levels and vault maps discovered:
D:1:      dpeg_arrival_short_road, layout_basic, serial_shops, shop
D:2:      layout_basic, kennysheep_generic_room_6
D:3:      layout_loops_ring
D:4:      layout_layer_cave, minmay_temple_entry_steel_oval,
          nicolae_underground_beach
D:5:      cheibrodos_quashed, layout_gridville, uniq_sigmund
D:7:      layout_basic, lemuel_zombie_altar_kikubaaqudgha, minmay_crystal_room,
          uniq_joseph
D:8:      layout_loops_ring, serial_shops, shop, dk_noncrumbling_3, minivault_22
Temple:   dpeg_three_leaves_temple

Skill      XL: |  1  2  3  4  5  6  7 |
---------------+----------------------+-----
Axes           | 2 3 4 5 6 7 |  7.0
Fighting       | |  3.2
Armour         | |  3.2
Shields        | |  3.2

Action                   |  1- 3 |  4- 6 |  7- 9 || total
-------------------------+-------+-------+-------++-------
Melee: War axe           |    52 |   150 |    25 ||   227
  Use: Potion            |     1 |     1 |     2 ||     4
Armor: Scale mail        |    27 |    78 |    18 ||   123
Dodge: Dodged            |    30 |    60 |    15 ||   105
Block: Buckler           |    14 |    34 |     6 ||    54

Table legend: (Time is in decaauts)
 A = Elapsed time spent in this place.
 B = Non-inter-level travel time spent in this place.
 C = Inter-level travel time spent in this place.
 D = Time resting spent in this place.
 E = Time spent auto-exploring this place.
 F = Levels seen in this place.
 G = Mean time per level.
                   A        B        C        D        E       F      G
               +--------+--------+--------+--------+--------+-----+--------+
         Total |   3991 |   3846 |    145 |      0 |   3168 |   8 |  498.9 |
       Dungeon |   3920 |   3775 |    145 |      0 |   3167 |   7 |  560.0 |
        Temple |     70 |     70 |      0 |      0 |      1 |   1 |   70.0 |
               +--------+--------+--------+--------+--------+-----+--------+

Top non-repeatable levels by time:
     D:4: 1026 daAuts
     D:1: 807 daAuts
     D:2: 801 daAuts
     D:3: 774 daAuts
     D:5: 376 daAuts
     D:8: 112 daAuts
  Temple: 70 daAuts
     D:7: 21 daAuts
